 Dungeon Crawl Stone Soup version 0.23.0 (webtiles) character file.

Game seed: 3917037450712773910

188 Milting the Shooter (level 5, -9/45 HPs)
             Began as a Centaur Hunter on Feb 14, 2019.
             Was a Plaything of Xom.
             Splashed by Pikel the acid dragon's acid (14 damage)
             ... on level 4 of the Dungeon on Feb 15, 2019.
             The game lasted 00:43:31 (3147 turns).

Milting the Shooter (Centaur Hunter)                Turns: 3147, Time: 00:43:32

Health: -9/45      AC: -1    Str: 14    XL:     5   Next: 39%
Magic:  0/5        EV: 10    Int: 10    God:    Xom [....*.]
Gold:   170        SH:  0    Dex: 11    Spells: 4/4 levels left

rFire    . . .     SeeInvis .   a - +1 shortbow
rCold    . . .     Gourm    .   (shield currently unavailable)
rNeg     . . .     Faith    .   (no armour)
rPois    +         Spirit   +   (helmet restricted)
rElec    .         Reflect  .   j - scarf {Spirit}
rCorr    .         Harm     .   (no gloves)
MR       .....                  (no barding)
Stlth    +.........             (no amulet)
HPRegen  0.15/turn              (no ring)
MPRegen  0.09/turn              (no ring)

@: corroded, very quick
A: large, hooves 3, horns 1, deformed body, speed 2, poison resistance, tough
skin 3, wild magic 1, MP-powered wands
a: Renounce Religion


You were on level 4 of the Dungeon.
You worshipped Xom.
You were a beloved toy of Xom.
You were not hungry.

You visited 1 branch of the dungeon, and saw 4 of its levels.

You collected 170 gold pieces.

Inventory:

Hand Weapons
 a - a +1 shortbow (weapon)
 b - the +5 falchion "Toexkix" {chaos, rPois}
   (Xom gifted it to you on level 3 of the Dungeon)

   Each time it hits an enemy it has a different, random effect.
   It protects you from poison.
 m - a +1 dagger of holy wrath
 r - a +0 short sword
 A - a +0 hunting sling
 B - a +3 dagger of flaming
 C - a +0 dagger
Missiles
 d - 33 arrows (quivered)
 g - 107 stones
 y - 13 poisoned needles
 z - a throwing net
Armour
 e - a +0 leather armour
 j - a scarf of spirit shield (worn)
 l - a +0 cloak
 s - a +0 leather armour
 v - a +0 ring mail
 w - a +0 leather armour
 x - a +0 ring mail
Scrolls
 k - 2 scrolls of fog {unknown}
 o - 2 scrolls of remove curse {unknown}
 p - 5 scrolls of teleportation {unknown}
 q - 2 scrolls of fear {unknown}
 t - a scroll of magic mapping {unknown}
 u - a scroll of identify {unknown}
Potions
 c - 2 potions of haste {unknown}
 h - 3 potions of curing {unknown}
 i - a potion of agility {unknown}
 n - a potion of heal wounds {unknown}
Comestibles
 f - 9 rations


   Skills:
 + Level 3.1 Fighting
 * Level 7.5 Bows
 + Level 2.3 Dodging
 - Level 0.4 Stealth
 - Level 0.2 Unarmed Combat


You had 4 spell levels left.
You didn't know any spells.
Your spell library was empty.

Dungeon Overview and Level Annotations

Branches:
Dungeon (4/15)
 Temple: D:4-7

Altars:
Xom

Annotations:
D:4 Pikel


Innate Abilities, Weirdness & Mutations

You have hooves in place of feet.
Armour fits poorly on your strangely shaped body.
You cover ground very quickly.
You have extremely tough skin. (AC +3)
You have a pair of small horns on your head.
Your system is resistant to poisons. (rPois)
Your spells are a little harder to cast, but a little more powerful.
You expend magic power (3 MP) to strengthen your wands.


Message History

The arrow hits Pikel but does no damage.
The dart slug launches a dart at you. The slug dart hits you.
Firing (i - inventory. (/) - cycle)
d - 35 arrows (quivered)
Press: ? - help, Shift-Dir - straight line, f/p - Pikel
Aim: Pikel the acid dragon You shoot an arrow.
The arrow barely misses Pikel.
Pikel spits acid at you. The splash of acid misses you.
Firing (i - inventory. (/) - cycle)
d - 34 arrows (quivered)
Press: ? - help, Shift-Dir - straight line, f/p - Pikel
Aim: Pikel the acid dragon (catching its breath)
You shoot an arrow. The arrow hits Pikel!
Pikel is moderately wounded.
Pikel spits acid at you. The splash of acid hits you!
* * * LOW HITPOINT WARNING * * *
The acid corrodes you!
You are splashed with acid!
You die...
Xom snickers!

#......†...†................
##.......†...................
##[...#.##.#####.....<.......#
..†...............[.........##
...####.#.########........###
#### #...#...#...<.......#
###...................# ##
##.....................#
.###............@....######
.....................#
.....................#
.....#........##...#.#
...........D.......#.###
...####....#######.....
....)((...w...........
.....(.......#######.##
...[........(#######.#


You could see Pikel the acid dragon.

Vanquished Creatures
  2 worker ants
  A gnoll (D:4)
  4 adders
  3 worms (D:4)
  2 leopard geckos
  10 orcs
  2 ball pythons (D:3)
  10 goblins
  6 hobgoblins
  6 jackals
  A quokka (D:2)
  6 bats
  2 frilled lizards
  11 kobolds
  2 leopard gecko skeletons
  7 rats
75 creatures vanquished.

Vanquished Creatures (collateral kills)
  A hobgoblin (D:3)
1 creature vanquished.

Vanquished Creatures (others)
  An ogre (D:4)
  A hound (D:4)
  A worm (D:4)
  A leopard gecko (D:4)
  A jackal (D:4)
5 creatures vanquished.

Grand Total: 81 creatures vanquished

Notes
Turn   | Place    | Note
-------+----------+-------------------------------------------
     0 | D:1      | Milting the Centaur Hunter began the quest for the Orb.
     0 | D:1      | Reached XP level 1. HP: 17/17 MP: 1/1
   586 | D:1      | Reached XP level 2. HP: 23/24 MP: 2/2
   621 | D:1      | Reached skill level 6 in Bows
  1012 | D:2      | Found a shimmering altar of Xom.
  1228 | D:2      | Reached XP level 3. HP: 23/29 MP: 3/3
  1525 | D:2      | Became a worshipper of Xom of Chaos
  1823 | D:3      | XOM: harmless Pois miscast
  1841 | D:3      | XOM: cast spell 'Call Canine Familiar'
  1879 | D:3      | XOM: noise
  2083 | D:3      | Reached XP level 4. HP: 29/37 MP: 4/4
  2238 | D:3      | XOM: god gift: lightning rod (4/4)
  2475 | D:4      | XOM: cast spell 'Summon Hydra'
  2487 | D:3      | Reached skill level 7 in Bows
  2572 | D:3      | XOM: medium Ice miscast
  2573 | D:3      | XOM: god gift: dazzling falchion {god gift}
  2617 | D:3      | XOM is BORED!
  2617 | D:3      | XOM: noise
  2619 | D:3      | Got a dazzling falchion {god gift}
  2620 | D:3      | Identified the +5 falchion "Toexkix" {chaos, rPois} (Xom
                  | gifted it to you on level 3 of the Dungeon)
  2631 | D:3      | HP: 1/37 [ball python (1)]
  2747 | D:3      | XOM: give mutations
  2747 | D:3      | Gained mutation: You expend magic power (3 MP) to
                  | strengthen your wands. [Xom's grace]
  2747 | D:3      | Gained mutation: Your spells are a little harder to cast,
                  | but a little more powerful. [Xom's grace]
  2747 | D:3      | Gained mutation: You have a pair of small horns on your
                  | head. [Xom's grace]
  2747 | D:3      | Gained mutation: Your system is resistant to poisons.
                  | (rPois) [Xom's grace]
  2764 | D:3      | XOM: god gift: glowing scarf {god gift}
  2806 | D:4      | Killed an ogre
  2856 | D:4      | Reached XP level 5. HP: 31/44 MP: 5/5
  2980 | D:4      | XOM: 2-stop teleportation journey
  3043 | D:4      | XOM: polymorph goblin -> kobold
  3043 | D:4      | Noticed Pikel
  3044 | D:4      | Noticed a slave
  3081 | D:4      | Noticed a slave
  3136 | D:4      | Noticed Pikel
  3136 | D:4      | Pikel changed into Pikel the acid dragon
  3136 | D:4      | XOM: polymorph Pikel -> Pikel the acid dragon
  3147 | D:4      | Splashed by Pikel the acid dragon's acid

Skill      XL: |  1  2  3  4  5 |
---------------+----------------+-----
Bows           | 6 7 |  7.5
Dodging        | 2 |  2.3
Fighting       | 3 |  3.1
Stealth        | |  0.4
Unarmed Combat | |  0.2

Action                   |  1- 3 |  4- 6 || total
-------------------------+-------+-------++-------
Melee: Dagger            |    90 |    14 ||   104
       Short sword       |     4 |       ||     4
       Kick              |    21 |    11 ||    32
       Falchion          |       |    27 ||    27
       Headbutt          |       |     3 ||     3
 Fire: Shortbow          |    62 |    44 ||   106
       Hunting sling     |       |     4 ||     4
  Eat: Chunk             |     2 |       ||     2
       Ration            |       |     1 ||     1
Armor: Leather armour    |    49 |       ||    49
       Skin              |       |    17 ||    17
Dodge: Dodged            |    49 |    33 ||    82
       Rpst.: Falchion   |       |     3 ||     3
